 Dungeon Crawl Stone Soup version 0.26.1-11-gd32895ea62 (webtiles) character file.

Game seed: 11473301302404529819

519 jlumianski the Grasshopper (level 7, -4/56 HPs)
             Began as a Gnoll Warper on July 2, 2021.
             Killed by divine providence
             ... invoked by an orc priest
              (14 damage)
             ... on level 4 of the Dungeon.
             The game lasted 00:11:11 (3620 turns).

jlumianski the Grasshopper (Gnoll Warper)           Turns: 3620, Time: 00:11:15

Health: -4/56      AC:  6    Str: 13    XL:     7   Next: 21%
Magic:  5/15       EV: 13    Int: 17    God:
Gold:   232        SH:  0    Dex: 15    Spells: 12/17 levels left

rFire    . . .     SeeInvis .   t - +0 war axe
rCold    . . .     Faith    .   (no shield)
rNeg     . . .     Spirit   .   l - +0 ring mail
rPois    .         Reflect  .   (no helmet)
rElec    .         Harm     .   (no cloak)
rCorr    .         Rampage  .   (no gloves)
Will     .....                  u - +0 pair of boots (curse)
Stlth    +.........             (no amulet)
HPRegen  0.18/turn              (no ring)
MPRegen  0.14/turn              (no ring)

@: no status effects
A: distributed training, fangs 1, strong nose
a: no special abilities


You were on level 4 of the Dungeon.
You visited 1 branch of the dungeon, and saw 4 of its levels.

You collected 232 gold pieces.

Inventory:

Hand Weapons
 a - a +0 hand axe
 n - a -3 hunting sling
 t - a +0 war axe (weapon)
Missiles
 c - 97 stones (quivered)
 e - 5 boomerangs of dispersal
 i - 69 arrows
 o - 2 boomerangs
 v - 16 sling bullets
Armour
 b - a +0 leather armour
 l - a +0 ring mail (worn)
 m - a +0 pair of boots
 u - a cursed +0 pair of boots (worn)
 x - the +3 chain mail of Soft Rains {rC+ Regen+ Int-5}
   (You found it on level 4 of the Dungeon)

   It affects your intelligence (-5).
   It protects you from cold.
   It increases your rate of regeneration.
Scrolls
 d - a scroll of blinking
 h - 5 scrolls of identify
 j - a scroll of remove curse
 r - a scroll of teleportation {unknown}
 s - a scroll of enchant weapon {unknown}
Potions
 f - a potion of resistance
 g - a potion of attraction
 k - 3 potions of curing
 p - a potion of ambrosia {unknown}
 q - a potion of invisibility {unknown}
 w - a potion of degeneration {unknown}


   Skills:
 + Level 5.2 Fighting
 + Level 2.3 Short Blades
 + Level 2.3 Long Blades
 + Level 5.2 Axes
 + Level 2.3 Maces & Flails
 + Level 2.3 Polearms
 + Level 2.3 Staves
 + Level 2.3 Slings
 + Level 2.3 Bows
 + Level 2.3 Crossbows
 + Level 3.5 Throwing
 + Level 3.5 Armour
 + Level 5.2 Dodging
 + Level 2.3 Stealth
 + Level 2.3 Shields
 + Level 2.3 Unarmed Combat
 + Level 5.5 Spellcasting
 + Level 1.9 Conjurations
 + Level 1.9 Hexes
 + Level 1.9 Summonings
 + Level 1.9 Necromancy
 + Level 5.8 Translocations
 + Level 1.9 Transmutations
 + Level 1.9 Fire Magic
 + Level 1.9 Ice Magic
 + Level 1.9 Air Magic
 + Level 1.9 Earth Magic
 + Level 1.9 Poison Magic
 + Level 2.6 Invocations
 + Level 2.3 Evocations


You had 12 spell levels left.
You knew the following spells:

 Your Spells              Type           Power        Failure   Level
a - Blink                 Tloc           N/A          3%          2
b - Gell's Gravitas       Tloc           12%          8%          3

Your spell library contained the following spells:

 Spells                   Type           Power        Failure   Level
 Lesser Beckoning         Tloc           12%          8%          3
 Teleport Other           Tloc           24%          8%          3
 Passage of Golubria      Tloc           N/A          26%         4


Dungeon Overview and Level Annotations

Branches:
Dungeon (4/15)
 Temple: D:4-7

Altars:
Dithmenos
Qazlal
Ru
Trog


Innate Abilities, Weirdness & Mutations

Your experience applies equally to all skills.
You have very sharp teeth.
Your uncanny sense of smell can sniff out nearby items.


Message History

The orc priest is almost dead.
You barely miss the orc wizard. You hit the orc wizard.
The orc wizard hits you but does no damage.
The orc priest hits you but does no damage.
The orc wizard gestures at you while chanting.
The puff of flame hits you!
* * * LOW HITPOINT WARNING * * *
The orc wizard barely misses you.
You feel better.
The orc priest hits you but does no damage.
The orc wizard completely misses you.
The orc wizard casts a spell.
The orc wizard blinks!
You hit the orc priest. Your bite misses the orc priest.
The orc priest is almost dead.
You slash the orc wizard!
You kill the orc wizard!
The orc priest mumbles some strange prayers to Beogh against you.
Beogh smites you!
You die...

#.# #...# #.###.###
#.# #...##########..
..
#.####.............##
.#.
#..................
######.............
#.##..........
#.##..........
..##..........
...##†@........
..###)o§....... ..#
#..........
#..........
............
....o..###### ∆
.....(.....
...(.(...###
.........#


You could see an orc priest and an orc wizard (fast).

Vanquished Creatures
  Sigmund (D:3)
  A howler monkey (D:4)
  An orc priest (D:3)
  A hound (D:4)
  3 orc wizards
  Jessica (D:3)
  2 iguanas (D:4)
  A worker ant zombie (D:3)
  3 adders
  2 oozes
  3 worms (D:2)
  9 orcs
  3 giant cockroaches
  7 goblins
  3 hobgoblins (D:2)
  4 jackals (D:3)
  A quokka (D:3)
  A ball python (D:1)
  3 bats
  3 frilled lizards
  5 kobolds
  12 rats
70 creatures vanquished.

Notes
Turn   | Place    | Note
-------+----------+-------------------------------------------
     0 | D:1      | jlumianski the Gnoll Warper began the quest for the Orb.
     0 | D:1      | Reached XP level 1. HP: 20/20 MP: 6/6
   311 | D:1      | Reached XP level 2. HP: 26/26 MP: 7/7
   321 | D:1      | Learned a level 2 spell: Blink
  1066 | D:2      | Found a sacrificial altar of Ru.
  1118 | D:2      | Found a shadowy altar of Dithmenos.
  1149 | D:2      | Reached XP level 3. HP: 30/31 MP: 9/9
  1153 | D:2      | Learned a level 3 spell: Gell's Gravitas
  1204 | D:2      | Found a bloodstained altar of Trog.
  1283 | D:2      | Reached skill level 5 in Spellcasting
  1646 | D:2      | Reached skill level 1 in Invocations
  1963 | D:2      | Reached skill level 1 in Short Blades
  1963 | D:2      | Reached skill level 1 in Long Blades
  1963 | D:2      | Reached skill level 1 in Maces & Flails
  1963 | D:2      | Reached skill level 1 in Polearms
  1963 | D:2      | Reached skill level 1 in Staves
  1963 | D:2      | Reached skill level 1 in Slings
  1963 | D:2      | Reached skill level 1 in Bows
  1963 | D:2      | Reached skill level 1 in Crossbows
  1963 | D:2      | Reached skill level 1 in Stealth
  1963 | D:2      | Reached skill level 1 in Shields
  1963 | D:2      | Reached skill level 1 in Unarmed Combat
  1963 | D:2      | Reached skill level 1 in Evocations
  2342 | D:3      | Reached XP level 4. HP: 38/38 MP: 11/11
  2561 | D:3      | Reached skill level 1 in Conjurations
  2561 | D:3      | Reached skill level 1 in Hexes
  2561 | D:3      | Reached skill level 1 in Summonings
  2561 | D:3      | Reached skill level 1 in Necromancy
  2561 | D:3      | Reached skill level 1 in Transmutations
  2561 | D:3      | Reached skill level 1 in Fire Magic
  2561 | D:3      | Reached skill level 1 in Ice Magic
  2561 | D:3      | Reached skill level 1 in Air Magic
  2561 | D:3      | Reached skill level 1 in Earth Magic
  2561 | D:3      | Reached skill level 1 in Poison Magic
  2566 | D:3      | Reached XP level 5. HP: 35/43 MP: 1/12
  2831 | D:3      | Noticed Jessica
  2844 | D:3      | Killed Jessica
  3053 | D:3      | Noticed Sigmund
  3056 | D:3      | Reached XP level 6. HP: 34/50 MP: 6/13
  3061 | D:3      | Killed Sigmund
  3062 | D:3      | Reached skill level 5 in Fighting
  3062 | D:3      | Reached skill level 5 in Axes
  3062 | D:3      | Reached skill level 5 in Dodging
  3281 | D:3      | Found a stormy altar of Qazlal.
  3370 | D:4      | Reached XP level 7. HP: 50/56 MP: 15/15
  3459 | D:4      | Got a faintly glowing chain mail
  3460 | D:4      | Identified the +3 chain mail of Soft Rains {rC+ Regen+
                  | Int-5} (You found it on level 4 of the Dungeon)
  3620 | D:4      | Killed from afar by an orc priest

Illustrated notes

Levels and vault maps discovered:
D:1:      dpeg_arrival_oval, layout_basic
D:2:      layout_loops_corners, bloody_trog, overflow_temple_1_default,
          nicolae_overflow_crystal_walls, minmay_rat_gold_closets
D:3:      layout_loops_ring, nicolae_overflow_hidden_temple, uniq_jessica,
          uniq_sigmund
D:4:      layout_basic, kennysheep_slug_shrine,
          chequers_temple_overflow_statue_of_worship,
          lemuel_zombie_altar_yredelemnul, xom_teletrap_fun

Skill      XL: |  1  2  3  4  5  6 |
---------------+-------------------+-----
Spellcasting   | 5 |  5.5
Invocations    | 1 2 |  2.6
Short Blades   | 1 2 |  2.3
Long Blades    | 1 2 |  2.3
Maces & Flails | 1 2 |  2.3
Polearms       | 1 2 |  2.3
Staves         | 1 2 |  2.3
Slings         | 1 2 |  2.3
Bows           | 1 2 |  2.3
Crossbows      | 1 2 |  2.3
Stealth        | 1 2 |  2.3
Shields        | 1 2 |  2.3
Unarmed Combat | 1 2 |  2.3
Evocations     | 1 2 |  2.3
Conjurations   | 1 |  1.9
Hexes          | 1 |  1.9
Summonings     | 1 |  1.9
Necromancy     | 1 |  1.9
Transmutations | 1 |  1.9
Fire Magic     | 1 |  1.9
Ice Magic      | 1 |  1.9
Air Magic      | 1 |  1.9
Earth Magic    | 1 |  1.9
Poison Magic   | 1 |  1.9
Throwing       | 3 |  3.5
Armour         | 3 |  3.5
Fighting       | 5 |  5.2
Axes           | 5 |  5.2
Dodging        | 5 |  5.2
Translocations | |  5.8

Action                   |  1- 3 |  4- 6 |  7- 9 || total
-------------------------+-------+-------+-------++-------
Melee: Hand axe          |   109 |    39 |       ||   148
       Bite              |     7 |    10 |     5 ||    22
       War axe           |       |    39 |    24 ||    63
Throw: Stone             |    43 |    10 |     6 ||    59
 Cast: Blink             |     1 |       |       ||     1
       Gell's Gravitas   |       |     9 |     4 ||    13
  Use: Scroll            |     3 |     1 |     1 ||     5
       Potion            |     2 |       |     1 ||     3
Armor: Leather armour    |     4 |       |       ||     4
       Ring mail         |    22 |    37 |    17 ||    76
Dodge: Dodged            |    73 |    83 |    33 ||   189
